Winnipeg Jets vs Boston Bruins
Created - Sunday, November 19, 2023 at 06:36
Goals
|
| Winnipeg Jets |
1 |
0 |
1 |
2 |
| Boston Bruins |
0 |
1 |
3 |
4 |
|
Shots
|
| Winnipeg Jets |
7 |
13 |
11 |
31 |
| Boston Bruins |
7 |
11 |
18 |
36 |
|
1st period
1. Winnipeg Jets , Connor McDavid 22 (Alex DeBrincat 34) at 19:57 (PP)
Penalties :
Brandon Hagel (BOS) for Holding (Minor) at 18:54
2nd period
2. Boston Bruins , Brandon Hagel 19 (Tyson Barrie 20) at 14:00 (PP)
Penalties :
Dante Fabbro (WPG) for Holding (Minor) at 6:12, Nathan Beaulieu (WPG) for Slashing (Minor) at 12:37
3rd period
3. Boston Bruins , Phil Kessel 17 (Samuel Girard 14, Joel Farabee 32) at 4:11
4. Boston Bruins , Anthony Beauvillier 17 (Brandon Hagel 33) at 5:39
5. Boston Bruins , Brandon Hagel 20 (Samuel Girard 15, Anthony Beauvillier 24) at 5:57
6. Winnipeg Jets , Alex DeBrincat 27 (Connor McDavid 37, Lucas Raymond 20) at 11:28
Penalties :
Tyson Barrie (BOS) for Hooking (Minor) at 7:52, Joel Farabee (BOS) for Delaying the game (Minor) at 13:53
Goalie Stats
Pavel Francouz (WPG), 32 saves from 36 shots - (0.889), L, 17-19-5, 60:00 minutes
Leevi Merilainen (BOS), 29 saves from 31 shots - (0.935), W, 8-10-3, 60:00 minutes
Players Stats for Winnipeg Jets
Player Name G A P +/- PIM S H SB GA TA FO MP PP MP PK MP
------------------------------------------------------------------------------------
Alex DeBrincat 1 1 2 0 0 3 5 1 1 0 2/3 18:37 2:34 1:35
Andrew Cogliano 0 0 0 -1 0 1 2 0 0 0 0/0 13:02 0:00 0:00
Barclay Goodrow 0 0 0 -1 0 2 1 0 0 1 0/0 17:22 2:24 0:00
Calen Addison 0 0 0 -1 0 1 2 1 0 0 0/0 19:53 2:45 1:37
Connor McDavid 1 1 2 0 0 1 2 2 0 0 20/32 18:44 2:34 1:47
Dante Fabbro 0 0 0 -1 2 1 0 2 0 1 0/0 21:52 2:16 0:48
Dylan Samberg 0 0 0 0 0 1 3 1 0 0 0/0 17:17 0:00 0:00
Joel Armia 0 0 0 0 0 2 0 0 0 0 0/0 8:56 0:00 0:00
Kaapo Kakko 0 0 0 -1 0 5 0 0 0 0 0/0 17:22 2:24 0:00
Kaiden Guhle 0 0 0 -1 0 1 1 1 1 0 0/0 22:50 2:16 1:45
Lucas Raymond 0 1 1 0 0 3 3 2 0 0 1/1 18:37 2:34 1:35
Matthew Beniers 0 0 0 -1 0 3 1 0 1 0 7/10 13:18 0:03 0:00
Nathan Beaulieu 0 0 0 0 2 0 1 2 0 1 0/0 21:28 2:45 1:02
Nick Suzuki 0 0 0 -1 0 2 3 4 4 1 7/11 19:09 2:24 1:47
Pius Suter 0 0 0 0 0 4 0 1 2 1 0/0 8:56 0:00 0:00
Sam Steel 0 0 0 0 0 0 0 0 2 0 7/8 9:12 0:03 0:00
Ty Smith 0 0 0 -1 0 0 2 0 0 0 0/0 16:43 0:00 1:32
Yegor Sharangovich 0 0 0 -1 0 1 0 0 1 1 0/0 13:18 0:03 0:00
Players Stats for Boston Bruins
Player Name G A P +/- PIM S H SB GA TA FO MP PP MP PK MP
------------------------------------------------------------------------------------
Anthony Beauvillier 1 1 2 2 0 3 2 0 0 0 1/3 18:49 1:32 2:19
Brandon Hagel 2 1 3 2 2 6 0 4 0 1 2/6 19:15 1:32 2:13
Charlie McAvoy 0 0 0 0 0 2 0 0 0 0 0/0 22:55 1:58 2:27
Dylan Gambrell 0 0 0 -1 0 1 0 0 0 2 0/4 9:15 0:00 0:00
Joe Veleno 0 0 0 0 0 5 0 1 0 1 4/10 13:27 0:00 0:29
Joel Farabee 0 1 1 1 2 3 0 1 0 1 0/0 16:02 1:50 0:00
John-Jason Peterka 0 0 0 0 0 2 1 0 1 1 0/1 12:58 0:00 0:00
Joonas Donskoi 0 0 0 -1 0 0 0 0 0 0 0/1 9:15 0:00 0:00
Mathieu Olivier 0 0 0 -1 0 0 2 0 1 0 0/0 9:15 0:00 0:00
Matt Grzelcyk 0 0 0 0 0 1 0 0 0 1 0/0 14:54 0:00 0:00
Nicholas Merkley 0 0 0 0 0 1 3 0 2 0 1/1 12:58 0:00 0:00
Pavel Zacha 0 0 0 2 0 1 1 0 1 1 7/19 19:45 1:32 2:42
Phil Kessel 1 0 1 1 0 3 4 0 0 0 0/0 18:02 1:50 2:19
Ryan Donato 0 0 0 1 0 1 1 0 0 0 6/20 15:43 1:50 0:00
Samuel Girard 0 2 2 2 0 0 0 0 0 1 0/0 22:11 1:24 2:34
Sean Durzi 0 0 0 2 0 1 0 2 0 0 0/0 22:11 1:24 2:34
Tyson Barrie 0 1 1 0 2 3 0 1 1 1 0/0 21:58 1:58 1:18
Victor Mete 0 0 0 0 0 3 0 1 0 2 0/0 16:03 0:00 1:09
3 Stars
1 - Brandon Hagel (BOS)
2 - Anthony Beauvillier (BOS)
3 - Alex DeBrincat (WPG)
Power Play
Winnipeg Jets - 1 on 3 Attempt(s) - 33.33%
Boston Bruins - 1 on 2 Attempt(s) - 50.00%
Penalty Kill
Winnipeg Jets - 1 on 2 Attempt(s) - 50.00%
- Score 0 goal in Penalty Kill
Boston Bruins - 2 on 3 Attempt(s) - 66.67%
- Score 0 goal in Penalty Kill
Team Stat
Winnipeg Jets - Hits : 26 - Faceoff Wins : 44 - Blocked Shots : 17 - Penalty Minutes : 4
Boston Bruins - Hits : 14 - Faceoff Wins : 21 - Blocked Shots : 10 - Penalty Minutes : 6
Official
Referees : Jacob Brenk and Francis Charron
Linesman : Andy McElman and Shane Heyer
Game Notes
11:52 of 2nd period - Winnipeg Jets goal is going for a video replay. After video review, No Goal. The net was displaced accidentally.
Finance
Level 1 -- Attendance: 4908 (81.80%) -- Ticket Income $490,800
Level 2 -- Attendance: 3485 (69.70%) -- Ticket Income $209,100
Level 3 -- Attendance: 2363 (78.77%) -- Ticket Income $82,705
Level 4 -- Attendance: 3272 (65.44%) -- Ticket Income $81,800
Luxury Box -- Attendance: 800 (80.00%) -- Ticket Income $160,000
Game was played at the TD Garden.
Total Attendance: 14828 (74.14%)
Total Ticket Income: $1,024,405
Other Income: $358,542
Total Income: $1,382,947
Winnipeg Jets
5 vs 5 Forward
Center Left Wing Right Wing Time % Phy DF OF
1 Connor McDavid Alex DeBrincat Lucas Raymond 30 1 2 2
2 Nick Suzuki Barclay Goodrow Kaapo Kakko 30 1 2 2
3 Matthew Beniers Andrew Cogliano Yegor Sharangovich 25 1 2 2
4 Sam Steel Pius Suter Joel Armia 15 1 2 2
5 vs 5 Defense
Defense Defense Time % Phy DF OF
1 Dante Fabbro Kaiden Guhle 35 1 2 2
2 Nathan Beaulieu Dylan Samberg 35 1 2 2
3 Calen Addison Ty Smith 30 1 2 2
4 Dante Fabbro Kaiden Guhle 0 1 2 2
PowerPlay Forward
Center Left Wing Right Wing Time % Phy DF OF
1 Connor McDavid Alex DeBrincat Lucas Raymond 50 1 2 2
2 Nick Suzuki Barclay Goodrow Kaapo Kakko 50 1 2 2
PowerPlay Defense
Defense Defense Time % Phy DF OF
1 Dante Fabbro Kaiden Guhle 50 1 2 2
2 Nathan Beaulieu Calen Addison 50 1 2 2
Penalty Kill 4 Players Forward
Center Wing Time % Phy DF OF
1 Connor McDavid Nick Suzuki 50 1 2 2
2 Alex DeBrincat Lucas Raymond 50 1 2 2
Penalty Kill 4 Players Defense
Defense Defense Time % Phy DF OF
1 Kaiden Guhle Dante Fabbro 50 1 2 2
2 Nathan Beaulieu Calen Addison 50 1 2 2
Penalty Kill - 3 Players Forward
Forward Time % Phy DF OF
1 Connor McDavid 50 1 2 2
2 Nick Suzuki 50 1 2 2
Penalty Kill - 3 Players Defense
Defense Defense Time % Phy DF OF
1 Kaiden Guhle Dante Fabbro 50 1 2 2
2 Ty Smith Nathan Beaulieu 50 1 2 2
4 vs 4 Forward
Center Wing Time % Phy DF OF
1 Connor McDavid Nick Suzuki 50 1 2 2
2 Alex DeBrincat Lucas Raymond 50 1 2 2
4 vs 4 Defense
Defense Defense Time % Phy DF OF
1 Dante Fabbro Kaiden Guhle 50 1 2 2
2 Calen Addison Ty Smith 50 1 2 2
Last Minutes Offensive
Center Left Wing Right Wing Defense Defense
Connor McDavid Alex DeBrincat Lucas Raymond Dante Fabbro Kaiden Guhle
Last Minutes Defensive
Center Left Wing Right Wing Defense Defense
Nick Suzuki Andrew Cogliano Barclay Goodrow Dante Fabbro Kaiden Guhle
Goaltenders
Starting : Pavel Francouz
Backup : Spencer Knight
Extra Forwards
Normal : Sam Steel, Matthew Beniers, Andrew Cogliano - PP : Sam Steel, Matthew Beniers - PK : Andrew Cogliano
Extra Defensemen
Normal : Kaiden Guhle, Ty Smith, Dante Fabbro - PP : Kaiden Guhle - PK : Kaiden Guhle, Dante Fabbro
Penalty Shots
Connor McDavid, Nick Suzuki, Alex DeBrincat, Lucas Raymond, Matthew Beniers
Boston Bruins
5 vs 5 Forward
Center Left Wing Right Wing Time % Phy DF OF
1 Pavel Zacha Brandon Hagel Anthony Beauvillier 30 1 2 2
2 Ryan Donato Joel Farabee Phil Kessel 30 1 2 2
3 Joe Veleno John-Jason Peterka Nicholas Merkley 25 1 2 2
4 Dylan Gambrell Joonas Donskoi Mathieu Olivier 15 1 2 2
5 vs 5 Defense
Defense Defense Time % Phy DF OF
1 Charlie McAvoy Tyson Barrie 35 1 2 2
2 Sean Durzi Samuel Girard 35 1 2 2
3 Matt Grzelcyk Victor Mete 30 1 2 2
4 Charlie McAvoy Tyson Barrie 0 1 2 2
PowerPlay Forward
Center Left Wing Right Wing Time % Phy DF OF
1 Pavel Zacha Brandon Hagel Anthony Beauvillier 50 1 2 2
2 Ryan Donato Joel Farabee Phil Kessel 50 1 2 2
PowerPlay Defense
Defense Defense Time % Phy DF OF
1 Charlie McAvoy Tyson Barrie 50 1 2 2
2 Sean Durzi Samuel Girard 50 1 2 2
Penalty Kill 4 Players Forward
Center Wing Time % Phy DF OF
1 Brandon Hagel Pavel Zacha 50 1 2 2
2 Anthony Beauvillier Phil Kessel 50 1 2 2
Penalty Kill 4 Players Defense
Defense Defense Time % Phy DF OF
1 Charlie McAvoy Tyson Barrie 50 1 2 2
2 Sean Durzi Samuel Girard 50 1 2 2
Penalty Kill - 3 Players Forward
Forward Time % Phy DF OF
1 Brandon Hagel 50 1 2 2
2 Pavel Zacha 50 1 2 2
Penalty Kill - 3 Players Defense
Defense Defense Time % Phy DF OF
1 Charlie McAvoy Tyson Barrie 50 1 2 2
2 Sean Durzi Samuel Girard 50 1 2 2
4 vs 4 Forward
Center Wing Time % Phy DF OF
1 Brandon Hagel Pavel Zacha 50 1 2 2
2 Anthony Beauvillier Phil Kessel 50 1 2 2
4 vs 4 Defense
Defense Defense Time % Phy DF OF
1 Charlie McAvoy Tyson Barrie 50 1 2 2
2 Sean Durzi Samuel Girard 50 1 2 2
Last Minutes Offensive
Center Left Wing Right Wing Defense Defense
Pavel Zacha Brandon Hagel Anthony Beauvillier Charlie McAvoy Tyson Barrie
Last Minutes Defensive
Center Left Wing Right Wing Defense Defense
Pavel Zacha Brandon Hagel Anthony Beauvillier Charlie McAvoy Tyson Barrie
Goaltenders
Starting : Leevi Merilainen
Backup : Kyle Keyser
Extra Forwards
Normal : John-Jason Peterka, Nicholas Merkley, Joe Veleno - PP : John-Jason Peterka, Nicholas Merkley - PK : Joe Veleno
Extra Defensemen
Normal : Matt Grzelcyk, Victor Mete, Sean Durzi - PP : Matt Grzelcyk - PK : Victor Mete, Sean Durzi
Penalty Shots
Brandon Hagel, Pavel Zacha, Anthony Beauvillier, Phil Kessel, Joel Farabee
% Time on Ice - Winnipeg Jets
Lines # - Real PCT - Wanted PCT - Time Play
Normal Forward
1 - 28% - 30% - 14:36
2 - 29% - 30% - 15:03
3 - 25% - 25% - 13:02
4 - 17% - 15% - 8:56
Normal Defense
1 - 35% - 35% - 18:15
2 - 34% - 35% - 17:42
3 - 29% - 30% - 15:06
4 - 1% - 0% - 0:34
PP Forward
1 - 52% - 50% - 2:37
2 - 48% - 50% - 2:24
PP Defense
1 - 45% - 50% - 2:16
2 - 55% - 50% - 2:45
PK Forward
1 - 53% - 50% - 1:47
2 - 47% - 50% - 1:35
PK Defense
1 - 52% - 50% - 1:45
2 - 48% - 50% - 1:37
PK3 Forward
1 - 0% - 50%
2 - 0% - 50%
PK3 Defense
1 - 0% - 50%
2 - 0% - 50%
44 Forward
1 - 0% - 50%
2 - 0% - 50%
44 Defense
1 - 0% - 50%
2 - 0% - 50%
Last Minute Offensive - 0:00
Last Minute Defensive - 0:00
Total
Forward - 60:00
Defense - 60:00
|
% Time on Ice - Boston Bruins
Lines # - Real PCT - Wanted PCT - Time Play
Normal Forward
1 - 30% - 30% - 15:31
2 - 27% - 30% - 13:53
3 - 25% - 25% - 12:58
4 - 18% - 15% - 9:15
Normal Defense
1 - 36% - 35% - 18:30
2 - 35% - 35% - 18:13
3 - 29% - 30% - 14:54
4 - 0% - 0% - 0:00
PP Forward
1 - 46% - 50% - 1:32
2 - 54% - 50% - 1:50
PP Defense
1 - 58% - 50% - 1:58
2 - 42% - 50% - 1:24
PK Forward
1 - 54% - 50% - 2:42
2 - 46% - 50% - 2:19
PK Defense
1 - 49% - 50% - 2:27
2 - 51% - 50% - 2:34
PK3 Forward
1 - 0% - 50%
2 - 0% - 50%
PK3 Defense
1 - 0% - 50%
2 - 0% - 50%
44 Forward
1 - 0% - 50%
2 - 0% - 50%
44 Defense
1 - 0% - 50%
2 - 0% - 50%
Last Minute Offensive - 0:00
Last Minute Defensive - 0:00
Total
Forward - 60:00
Defense - 60:00
|
Play-by-Play
1st period
0:01 of 1st period - Pavel Zacha wins face-off versus Connor McDavid in neutral zone.
0:16 of 1st period - Connor McDavid is hit by Anthony Beauvillier and loses puck.
0:58 of 1st period - Off-side.
0:59 of 1st period - Matthew Beniers wins face-off versus Dylan Gambrell in neutral zone.
1:30 of 1st period - Slapshot by Tyson Barrie.
1:30 of 1st period - Stopped by Pavel Francouz with a rebound.
1:32 of 1st period - Snap shot by Joel Farabee.
1:32 of 1st period - Shot Misses the Net.
1:34 of 1st period - Slapshot by Tyson Barrie.
1:34 of 1st period - Stopped by Pavel Francouz without a rebound.
1:35 of 1st period - Joe Veleno wins face-off versus Sam Steel in Winnipeg Jets zone.
2:41 of 1st period - Dylan Gambrell is hit by Lucas Raymond and loses puck.
3:06 of 1st period - Kaiden Guhle is hit by Nicholas Merkley and loses puck.
3:27 of 1st period - Snap shot by Anthony Beauvillier.
3:27 of 1st period - Shot Misses the Net.
3:29 of 1st period - Snap shot by Anthony Beauvillier.
3:29 of 1st period - Stopped by Pavel Francouz with a rebound.
4:09 of 1st period - Wrist shot by John-Jason Peterka.
4:09 of 1st period - Shot Misses the Net.
4:17 of 1st period - Snap shot by Joel Armia.
4:17 of 1st period - Stopped by Leevi Merilainen with a rebound.
4:51 of 1st period - Snap shot by Anthony Beauvillier.
4:51 of 1st period - Shot Misses the Net.
6:26 of 1st period - Wrist shot by John-Jason Peterka.
6:26 of 1st period - Stopped by Pavel Francouz with a rebound.
6:53 of 1st period - Wrist shot by Kaapo Kakko.
6:53 of 1st period - Shot Blocked by Victor Mete.
6:55 of 1st period - Slapshot by Calen Addison.
6:55 of 1st period - Stopped by Leevi Merilainen with a rebound.
6:57 of 1st period - Wrist shot by Barclay Goodrow.
6:57 of 1st period - Shot Blocked by Joe Veleno.
7:21 of 1st period - Wrist shot by Nicholas Merkley.
7:21 of 1st period - Shot Misses the Net.
7:41 of 1st period - Snap shot by Joe Veleno.
7:41 of 1st period - Stopped by Pavel Francouz without a rebound.
7:42 of 1st period - Anthony Beauvillier wins face-off versus Connor McDavid in Winnipeg Jets zone.
7:51 of 1st period - Backhand shot by Pavel Zacha.
7:51 of 1st period - Shot Misses the Net.
7:53 of 1st period - Wrist shot by Brandon Hagel.
7:53 of 1st period - Stopped by Pavel Francouz with a rebound.
8:07 of 1st period - Joel Farabee is hit by Dylan Samberg and loses puck.
8:12 of 1st period - Snap shot by Matthew Beniers.
8:12 of 1st period - Shot Misses the Net.
8:32 of 1st period - Wrist shot by Joel Farabee.
8:32 of 1st period - Stopped by Pavel Francouz with a rebound.
9:19 of 1st period - Icing by Sean Durzi.
9:20 of 1st period - Sam Steel wins face-off versus Ryan Donato in Boston Bruins zone.
9:35 of 1st period - Snap shot by Pius Suter.
9:35 of 1st period - Stopped by Leevi Merilainen without a rebound.
9:36 of 1st period - Pavel Zacha wins face-off versus Connor McDavid in Boston Bruins zone.
9:36 of 1st period - Pavel Zacha is hit by Alex DeBrincat.
11:01 of 1st period - Off-side.
11:02 of 1st period - Ryan Donato wins face-off versus Matthew Beniers in neutral zone.
11:13 of 1st period - Snap shot by Phil Kessel.
11:13 of 1st period - Shot Misses the Net.
11:24 of 1st period - Icing by Joel Farabee.
11:25 of 1st period - Ryan Donato wins face-off versus Connor McDavid in Boston Bruins zone.
14:02 of 1st period - Snap shot by Nick Suzuki.
14:02 of 1st period - Shot Blocked by Brandon Hagel.
15:24 of 1st period - Anthony Beauvillier is hit by Alex DeBrincat and loses puck.
15:35 of 1st period - Wrist shot by Connor McDavid.
15:35 of 1st period - Shot Blocked by Brandon Hagel.
15:46 of 1st period - Off-side.
15:47 of 1st period - Nick Suzuki wins face-off versus Dylan Gambrell in neutral zone.
16:13 of 1st period - Icing by Dylan Samberg.
16:14 of 1st period - Nick Suzuki wins face-off versus Ryan Donato in Winnipeg Jets zone.
16:26 of 1st period - Snap shot by Nick Suzuki.
16:26 of 1st period - Shot Misses the Net.
16:28 of 1st period - Snap shot by Kaapo Kakko.
16:28 of 1st period - Stopped by Leevi Merilainen with a rebound.
16:30 of 1st period - Snap shot by Barclay Goodrow.
16:30 of 1st period - Shot Blocked by Sean Durzi.
16:32 of 1st period - Wrist shot by Kaapo Kakko.
16:32 of 1st period - Stopped by Leevi Merilainen with a rebound.
16:34 of 1st period - Slapshot by Dylan Samberg.
16:34 of 1st period - Deflect By Nick Suzuki.
16:34 of 1st period - Shot Misses the Net.
16:34 of 1st period - Puck is out of play.
16:35 of 1st period - Connor McDavid wins face-off versus Pavel Zacha in Boston Bruins zone.
16:38 of 1st period - Wrist shot by Lucas Raymond.
16:38 of 1st period - Shot Misses the Net.
17:07 of 1st period - Slapshot by Yegor Sharangovich.
17:07 of 1st period - Shot Hit the Post.
17:25 of 1st period - Slapshot by Pius Suter.
17:25 of 1st period - Stopped by Leevi Merilainen without a rebound.
17:26 of 1st period - Connor McDavid wins face-off versus Pavel Zacha in Boston Bruins zone.
17:41 of 1st period - Slapshot by Brandon Hagel.
17:41 of 1st period - Shot Blocked by Nathan Beaulieu.
18:54 of 1st period - Minor Penalty to Brandon Hagel for Holding.
18:55 of 1st period - Connor McDavid wins face-off versus Joe Veleno in Boston Bruins zone.
19:43 of 1st period - Off-side.
19:44 of 1st period - Connor McDavid wins face-off versus Anthony Beauvillier in neutral zone.
19:57 of 1st period - Snap shot by Connor McDavid.
19:57 of 1st period - Goal by Connor McDavid - Winnipeg Jets : 1 - Boston Bruins : 0.
19:58 of 1st period - Lucas Raymond wins face-off versus Pavel Zacha in neutral zone.
Goals for this period are 1 for Winnipeg Jets vs 0 for Boston Bruins.
Shots for this period are 7 for Winnipeg Jets vs 7 for Boston Bruins.
2nd period
0:01 of 2nd period - Connor McDavid wins face-off versus Pavel Zacha in neutral zone.
0:26 of 2nd period - Matthew Beniers is hit by Phil Kessel and loses puck.
0:33 of 2nd period - Andrew Cogliano is hit by Phil Kessel and loses puck.
0:54 of 2nd period - Slapshot by John-Jason Peterka.
0:54 of 2nd period - Shot Misses the Net.
0:56 of 2nd period - Snap shot by Joe Veleno.
0:56 of 2nd period - Stopped by Pavel Francouz with a rebound.
0:58 of 2nd period - Slapshot by Victor Mete.
0:58 of 2nd period - Stopped by Pavel Francouz without a rebound.
0:59 of 2nd period - Connor McDavid wins face-off versus Pavel Zacha in Winnipeg Jets zone.
1:29 of 2nd period - Slapshot by Joel Farabee.
1:29 of 2nd period - Shot Misses the Net.
2:24 of 2nd period - Snap shot by Tyson Barrie.
2:24 of 2nd period - Deflect By John-Jason Peterka.
2:24 of 2nd period - Shot Blocked by Pius Suter.
2:24 of 2nd period - Puck is out of play.
2:25 of 2nd period - Ryan Donato wins face-off versus Connor McDavid in Winnipeg Jets zone.
2:26 of 2nd period - Snap shot by Phil Kessel.
2:26 of 2nd period - Shot Misses the Net.
2:38 of 2nd period - Phil Kessel is hit by Alex DeBrincat and loses puck.
2:58 of 2nd period - Wrist shot by Brandon Hagel.
2:58 of 2nd period - Shot Misses the Net.
3:00 of 2nd period - Slapshot by Matt Grzelcyk.
3:00 of 2nd period - Deflect By Matthew Beniers.
3:00 of 2nd period - Stopped by Pavel Francouz with a rebound.
3:02 of 2nd period - Wrist shot by Brandon Hagel.
3:02 of 2nd period - Shot Misses the Net.
3:27 of 2nd period - Dylan Gambrell is hit by Barclay Goodrow and loses puck.
3:40 of 2nd period - Alex DeBrincat is hit by John-Jason Peterka and loses puck.
3:49 of 2nd period - Snap shot by Nicholas Merkley.
3:49 of 2nd period - Shot Blocked by Connor McDavid.
3:51 of 2nd period - Snap shot by Joe Veleno.
3:51 of 2nd period - Deflect By John-Jason Peterka.
3:51 of 2nd period - Stopped by Pavel Francouz without a rebound.
3:52 of 2nd period - Matthew Beniers wins face-off versus Ryan Donato in Winnipeg Jets zone.
3:52 of 2nd period - Matthew Beniers is hit by Ryan Donato.
3:58 of 2nd period - Wrist shot by Joel Farabee.
3:58 of 2nd period - Stopped by Pavel Francouz with a rebound.
5:24 of 2nd period - Wrist shot by Kaapo Kakko.
5:24 of 2nd period - Stopped by Leevi Merilainen with a rebound.
5:59 of 2nd period - Icing by Kaiden Guhle.
6:00 of 2nd period - Sam Steel wins face-off versus Pavel Zacha in Winnipeg Jets zone.
6:12 of 2nd period - Minor Penalty to Dante Fabbro for Holding.
6:13 of 2nd period - Pavel Zacha wins face-off versus Connor McDavid in Winnipeg Jets zone.
6:13 of 2nd period - Snap shot by Brandon Hagel.
6:13 of 2nd period - Stopped by Pavel Francouz with a rebound.
6:15 of 2nd period - Slapshot by Tyson Barrie.
6:15 of 2nd period - Shot Blocked by Nick Suzuki.
6:17 of 2nd period - Slapshot by Tyson Barrie.
6:17 of 2nd period - Shot Misses the Net.
6:19 of 2nd period - Slapshot by Charlie McAvoy.
6:19 of 2nd period - Stopped by Pavel Francouz without a rebound.
6:20 of 2nd period - Connor McDavid wins face-off versus Pavel Zacha in Winnipeg Jets zone.
6:29 of 2nd period - Snap shot by Brandon Hagel.
6:29 of 2nd period - Shot Blocked by Nick Suzuki.
6:31 of 2nd period - Wrist shot by Brandon Hagel.
6:31 of 2nd period - Shot Misses the Net.
6:33 of 2nd period - Wrist shot by Charlie McAvoy.
6:33 of 2nd period - Deflect By Pavel Zacha.
6:33 of 2nd period - Shot Misses the Net.
6:33 of 2nd period - Puck is out of play.
6:34 of 2nd period - Alex DeBrincat wins face-off versus Ryan Donato in Winnipeg Jets zone.
6:40 of 2nd period - Icing by Ryan Donato.
6:41 of 2nd period - Connor McDavid wins face-off versus Ryan Donato in Boston Bruins zone.
6:51 of 2nd period - Icing by Phil Kessel.
6:52 of 2nd period - Alex DeBrincat wins face-off versus Ryan Donato in Boston Bruins zone.
6:53 of 2nd period - Slapshot by Lucas Raymond.
6:53 of 2nd period - Deflect By Sean Durzi.
6:53 of 2nd period - Shot Blocked by Joel Farabee.
6:53 of 2nd period - Puck is out of play.
6:54 of 2nd period - Ryan Donato wins face-off versus Alex DeBrincat in Boston Bruins zone.
7:23 of 2nd period - Samuel Girard is hit by Alex DeBrincat and loses puck.
7:50 of 2nd period - Tyson Barrie is hit by Alex DeBrincat and loses puck.
8:12 of 2nd period - Penalty to Dante Fabbro is over, Dante Fabbro is back on ice.
8:30 of 2nd period - Snap shot by Yegor Sharangovich.
8:30 of 2nd period - Shot Misses the Net.
8:32 of 2nd period - Wrist shot by Yegor Sharangovich.
8:32 of 2nd period - Shot Misses the Net.
8:44 of 2nd period - Sean Durzi is hit by Dylan Samberg and loses puck.
9:03 of 2nd period - Wrist shot by Nick Suzuki.
9:03 of 2nd period - Shot Misses the Net.
9:33 of 2nd period - Charlie McAvoy is hit by Connor McDavid and loses puck.
9:53 of 2nd period - Icing by Kaiden Guhle.
9:54 of 2nd period - Sam Steel wins face-off versus Dylan Gambrell in Winnipeg Jets zone.
10:13 of 2nd period - Sam Steel is hit by Mathieu Olivier and loses puck.
10:32 of 2nd period - Wrist shot by Pius Suter.
10:32 of 2nd period - Stopped by Leevi Merilainen with a rebound.
10:34 of 2nd period - Snap shot by Sam Steel.
10:34 of 2nd period - Deflect By Pius Suter.
10:34 of 2nd period - Stopped by Leevi Merilainen with a rebound.
10:36 of 2nd period - Wrist shot by Joel Armia.
10:36 of 2nd period - Stopped by Leevi Merilainen with a rebound.
10:38 of 2nd period - Slapshot by Dylan Samberg.
10:38 of 2nd period - Stopped by Leevi Merilainen without a rebound.
10:39 of 2nd period - Connor McDavid wins face-off versus Pavel Zacha in Boston Bruins zone.
10:42 of 2nd period - Wrist shot by Lucas Raymond.
10:42 of 2nd period - Stopped by Leevi Merilainen without a rebound.
10:43 of 2nd period - Pavel Zacha wins face-off versus Connor McDavid in Boston Bruins zone.
11:00 of 2nd period - Anthony Beauvillier is hit by Connor McDavid and loses puck.
11:13 of 2nd period - Snap shot by Phil Kessel.
11:13 of 2nd period - Stopped by Pavel Francouz without a rebound.
11:14 of 2nd period - Nick Suzuki wins face-off versus Ryan Donato in Winnipeg Jets zone.
11:33 of 2nd period - Dante Fabbro is hit by Phil Kessel and loses puck.
11:48 of 2nd period - Wrist shot by Kaapo Kakko.
11:48 of 2nd period - Shot Misses the Net.
11:50 of 2nd period - Wrist shot by Nick Suzuki.
11:50 of 2nd period - Stopped by Leevi Merilainen with a rebound.
11:52 of 2nd period - Wrist shot by Kaapo Kakko.
11:52 of 2nd period - Winnipeg Jets goal is going for a video replay.
11:52 of 2nd period - The goal is refused. The net was displaced accidentally..
11:53 of 2nd period - Pavel Zacha wins face-off versus Connor McDavid in Boston Bruins zone.
11:53 of 2nd period - Pavel Zacha is hit by Nathan Beaulieu.
12:06 of 2nd period - Wrist shot by Pavel Zacha.
12:06 of 2nd period - Shot Misses the Net.
12:08 of 2nd period - Slapshot by Charlie McAvoy.
12:08 of 2nd period - Shot Blocked by Lucas Raymond.
12:18 of 2nd period - Connor McDavid is hit by Mathieu Olivier and loses puck.
12:37 of 2nd period - Minor Penalty to Nathan Beaulieu for Slashing.
12:38 of 2nd period - Ryan Donato wins face-off versus Connor McDavid in Winnipeg Jets zone.
12:38 of 2nd period - Slapshot by Joel Farabee.
12:38 of 2nd period - Shot Misses the Net.
13:19 of 2nd period - Off-side.
13:20 of 2nd period - Connor McDavid wins face-off versus Ryan Donato in neutral zone.
13:34 of 2nd period - Ryan Donato is hit by Nick Suzuki and loses puck.
13:45 of 2nd period - Phil Kessel is hit by Lucas Raymond.
13:55 of 2nd period - Kaiden Guhle is hit by Pavel Zacha and loses puck.
14:00 of 2nd period - Snap shot by Brandon Hagel.
14:00 of 2nd period - Goal by Brandon Hagel - Winnipeg Jets : 1 - Boston Bruins : 1.
14:01 of 2nd period - Matthew Beniers wins face-off versus Pavel Zacha in neutral zone.
14:04 of 2nd period - Slapshot by Kaiden Guhle.
14:04 of 2nd period - Shot Misses the Net.
14:28 of 2nd period - Phil Kessel is hit by Lucas Raymond and loses puck.
15:19 of 2nd period - Charlie McAvoy is hit by Calen Addison and loses puck.
15:38 of 2nd period - Slapshot by Andrew Cogliano.
15:38 of 2nd period - Stopped by Leevi Merilainen with a rebound.
15:40 of 2nd period - Snap shot by Yegor Sharangovich.
15:40 of 2nd period - Stopped by Leevi Merilainen without a rebound.
15:41 of 2nd period - Connor McDavid wins face-off versus Pavel Zacha in Boston Bruins zone.
15:42 of 2nd period - Wrist shot by Alex DeBrincat.
15:42 of 2nd period - Stopped by Leevi Merilainen with a rebound.
16:20 of 2nd period - Kaapo Kakko is hit by Phil Kessel and loses puck.
16:33 of 2nd period - Snap shot by Tyson Barrie.
16:33 of 2nd period - Deflect By Mathieu Olivier.
16:33 of 2nd period - Shot Blocked by Dante Fabbro.
16:33 of 2nd period - Puck is out of play.
16:34 of 2nd period - Connor McDavid wins face-off versus Joonas Donskoi in Winnipeg Jets zone.
16:41 of 2nd period - Wrist shot by Tyson Barrie.
16:41 of 2nd period - Shot Blocked by Nathan Beaulieu.
16:43 of 2nd period - Snap shot by Tyson Barrie.
16:43 of 2nd period - Shot Hit the Post.
16:49 of 2nd period - Slapshot by Charlie McAvoy.
16:49 of 2nd period - Shot Blocked by Lucas Raymond.
16:59 of 2nd period - Charlie McAvoy is hit by Dylan Samberg.
17:33 of 2nd period - Snap shot by Barclay Goodrow.
17:33 of 2nd period - Stopped by Leevi Merilainen without a rebound.
17:34 of 2nd period - Connor McDavid wins face-off versus Ryan Donato in Boston Bruins zone.
18:32 of 2nd period - Snap shot by Sean Durzi.
18:32 of 2nd period - Stopped by Pavel Francouz with a rebound.
18:34 of 2nd period - Slapshot by Samuel Girard.
18:34 of 2nd period - Shot Misses the Net.
18:36 of 2nd period - Slapshot by Sean Durzi.
18:36 of 2nd period - Shot Blocked by Nick Suzuki.
18:50 of 2nd period - Slapshot by Kaiden Guhle.
18:50 of 2nd period - Stopped by Leevi Merilainen with a rebound.
19:30 of 2nd period - Tyson Barrie is hit by Andrew Cogliano and loses puck.
19:53 of 2nd period - Slapshot by Dylan Gambrell.
19:53 of 2nd period - Stopped by Pavel Francouz without a rebound.
19:54 of 2nd period - Connor McDavid wins face-off versus Ryan Donato in Winnipeg Jets zone.
Goals for this period are 0 for Winnipeg Jets vs 1 for Boston Bruins.
Shots for this period are 13 for Winnipeg Jets vs 11 for Boston Bruins.
3rd period
0:01 of 3rd period - Connor McDavid wins face-off versus Brandon Hagel in neutral zone.
0:16 of 3rd period - Snap shot by Brandon Hagel.
0:16 of 3rd period - Stopped by Pavel Francouz with a rebound.
0:26 of 3rd period - Ryan Donato is hit by Ty Smith.
0:34 of 3rd period - Samuel Girard is hit by Andrew Cogliano and loses puck.
0:53 of 3rd period - Icing by Dylan Samberg.
0:54 of 3rd period - Sam Steel wins face-off versus Joe Veleno in Winnipeg Jets zone.
0:54 of 3rd period - Sam Steel is hit by Nicholas Merkley.
1:42 of 3rd period - Wrist shot by Matthew Beniers.
1:42 of 3rd period - Stopped by Leevi Merilainen without a rebound.
1:43 of 3rd period - Matthew Beniers wins face-off versus Ryan Donato in Boston Bruins zone.
1:54 of 3rd period - Backhand shot by Joel Farabee.
1:54 of 3rd period - Deflect By Ryan Donato.
1:54 of 3rd period - Stopped by Pavel Francouz with a rebound.
1:56 of 3rd period - Slapshot by Victor Mete.
1:56 of 3rd period - Deflect By Phil Kessel.
1:56 of 3rd period - Shot Blocked by Dylan Samberg.
1:56 of 3rd period - Puck is out of play.
1:57 of 3rd period - Connor McDavid wins face-off versus Joe Veleno in Winnipeg Jets zone.
2:27 of 3rd period - Snap shot by Brandon Hagel.
2:27 of 3rd period - Stopped by Pavel Francouz with a rebound.
3:06 of 3rd period - Snap shot by Mathieu Olivier.
3:06 of 3rd period - Shot Misses the Net.
3:49 of 3rd period - Wrist shot by Pavel Zacha.
3:49 of 3rd period - Shot Blocked by Alex DeBrincat.
4:07 of 3rd period - Slapshot by Phil Kessel.
4:07 of 3rd period - Shot Blocked by Dante Fabbro.
4:09 of 3rd period - Slapshot by Samuel Girard.
4:09 of 3rd period - Shot Blocked by Kaiden Guhle.
4:11 of 3rd period - Snap shot by Phil Kessel.
4:11 of 3rd period - Goal by Phil Kessel - Winnipeg Jets : 1 - Boston Bruins : 2.
4:12 of 3rd period - Connor McDavid wins face-off versus Joe Veleno in neutral zone.
4:21 of 3rd period - Alex DeBrincat is hit by Nicholas Merkley and loses puck.
4:26 of 3rd period - Wrist shot by Joe Veleno.
4:26 of 3rd period - Shot Misses the Net.
4:28 of 3rd period - Slapshot by Samuel Girard.
4:28 of 3rd period - Shot Misses the Net.
4:38 of 3rd period - Sean Durzi is hit by Nick Suzuki and loses puck.
5:07 of 3rd period - Wrist shot by Matthew Beniers.
5:07 of 3rd period - Shot Blocked by Tyson Barrie.
5:09 of 3rd period - Snap shot by Matthew Beniers.
5:09 of 3rd period - Shot Misses the Net.
5:25 of 3rd period - Wrist shot by Alex DeBrincat.
5:25 of 3rd period - Shot Misses the Net.
5:33 of 3rd period - Wrist shot by Joel Farabee.
5:33 of 3rd period - Stopped by Pavel Francouz without a rebound.
5:34 of 3rd period - Brandon Hagel wins face-off versus Nick Suzuki in Winnipeg Jets zone.
5:35 of 3rd period - Snap shot by Anthony Beauvillier.
5:35 of 3rd period - Stopped by Pavel Francouz with a rebound.
5:37 of 3rd period - Wrist shot by Anthony Beauvillier.
5:37 of 3rd period - Shot Blocked by Calen Addison.
5:39 of 3rd period - Slapshot by Anthony Beauvillier.
5:39 of 3rd period - Goal by Anthony Beauvillier - Winnipeg Jets : 1 - Boston Bruins : 3.
5:40 of 3rd period - Joe Veleno wins face-off versus Nick Suzuki in neutral zone.
5:49 of 3rd period - Slapshot by John-Jason Peterka.
5:49 of 3rd period - Shot Blocked by Nick Suzuki.
5:51 of 3rd period - Slapshot by Joe Veleno.
5:51 of 3rd period - Stopped by Pavel Francouz without a rebound.
5:52 of 3rd period - Pavel Zacha wins face-off versus Connor McDavid in Winnipeg Jets zone.
5:53 of 3rd period - Snap shot by Anthony Beauvillier.
5:53 of 3rd period - Shot Misses the Net.
5:55 of 3rd period - Snap shot by Samuel Girard.
5:55 of 3rd period - Shot Blocked by Connor McDavid.
5:57 of 3rd period - Slapshot by Brandon Hagel.
5:57 of 3rd period - Goal by Brandon Hagel - Winnipeg Jets : 1 - Boston Bruins : 4.
5:58 of 3rd period - Nick Suzuki wins face-off versus Pavel Zacha in neutral zone.
6:24 of 3rd period - Nicholas Merkley is hit by Ty Smith and loses puck.
6:29 of 3rd period - Wrist shot by Connor McDavid.
6:29 of 3rd period - Shot Blocked by Sean Durzi.
6:31 of 3rd period - Slapshot by Kaiden Guhle.
6:31 of 3rd period - Shot Misses the Net.
6:33 of 3rd period - Slapshot by Lucas Raymond.
6:33 of 3rd period - Deflect By Nicholas Merkley.
6:33 of 3rd period - Stopped by Leevi Merilainen without a rebound.
6:34 of 3rd period - Ryan Donato wins face-off versus Matthew Beniers in Boston Bruins zone.
6:39 of 3rd period - Slapshot by Phil Kessel.
6:39 of 3rd period - Stopped by Pavel Francouz without a rebound.
6:40 of 3rd period - Matthew Beniers wins face-off versus Ryan Donato in Winnipeg Jets zone.
6:45 of 3rd period - Matt Grzelcyk is hit by Matthew Beniers and loses puck.
7:08 of 3rd period - Snap shot by Anthony Beauvillier.
7:08 of 3rd period - Shot Misses the Net.
7:10 of 3rd period - Snap shot by Pavel Zacha.
7:10 of 3rd period - Shot Misses the Net.
7:16 of 3rd period - Snap shot by Pavel Zacha.
7:16 of 3rd period - Stopped by Pavel Francouz without a rebound.
7:17 of 3rd period - Joe Veleno wins face-off versus Nick Suzuki in Winnipeg Jets zone.
7:18 of 3rd period - Wrist shot by John-Jason Peterka.
7:18 of 3rd period - Deflect By Nicholas Merkley.
7:18 of 3rd period - Stopped by Pavel Francouz without a rebound.
7:19 of 3rd period - Joe Veleno wins face-off versus Nick Suzuki in Winnipeg Jets zone.
7:28 of 3rd period - Snap shot by Nick Suzuki.
7:28 of 3rd period - Stopped by Leevi Merilainen without a rebound.
7:29 of 3rd period - Nicholas Merkley wins face-off versus Connor McDavid in Boston Bruins zone.
7:34 of 3rd period - Slapshot by Joe Veleno.
7:34 of 3rd period - Stopped by Pavel Francouz with a rebound.
7:52 of 3rd period - Minor Penalty to Tyson Barrie for Hooking.
7:53 of 3rd period - Nick Suzuki wins face-off versus Brandon Hagel in Boston Bruins zone.
7:58 of 3rd period - Wrist shot by Nick Suzuki.
7:58 of 3rd period - Shot Misses the Net.
8:19 of 3rd period - Sean Durzi is hit by Calen Addison and loses puck.
8:48 of 3rd period - Wrist shot by Kaapo Kakko.
8:48 of 3rd period - Stopped by Leevi Merilainen with a rebound.
8:50 of 3rd period - Slapshot by Barclay Goodrow.
8:50 of 3rd period - Deflect By Charlie McAvoy.
8:50 of 3rd period - Stopped by Leevi Merilainen without a rebound.
8:51 of 3rd period - Brandon Hagel wins face-off versus Connor McDavid in Boston Bruins zone.
9:52 of 3rd period - Penalty to Tyson Barrie is over, Tyson Barrie is back on ice.
10:04 of 3rd period - Slapshot by Matthew Beniers.
10:04 of 3rd period - Stopped by Leevi Merilainen without a rebound.
10:05 of 3rd period - Sam Steel wins face-off versus Joe Veleno in Boston Bruins zone.
10:29 of 3rd period - Off-side.
10:30 of 3rd period - Matthew Beniers wins face-off versus Ryan Donato in neutral zone.
10:57 of 3rd period - Ty Smith is hit by Anthony Beauvillier and loses puck.
11:06 of 3rd period - Wrist shot by Pavel Zacha.
11:06 of 3rd period - Shot Misses the Net.
11:28 of 3rd period - Wrist shot by Alex DeBrincat.
11:28 of 3rd period - Goal by Alex DeBrincat - Winnipeg Jets : 2 - Boston Bruins : 4.
11:29 of 3rd period - Nick Suzuki wins face-off versus Ryan Donato in neutral zone.
12:18 of 3rd period - Slapshot by Charlie McAvoy.
12:18 of 3rd period - Shot Misses the Net.
12:43 of 3rd period - Wrist shot by Pius Suter.
12:43 of 3rd period - Shot Misses the Net.
13:01 of 3rd period - Snap shot by Nick Suzuki.
13:01 of 3rd period - Shot Misses the Net.
13:22 of 3rd period - Off-side.
13:23 of 3rd period - Connor McDavid wins face-off versus Pavel Zacha in neutral zone.
13:53 of 3rd period - Minor Penalty to Joel Farabee for Delaying the game.
13:54 of 3rd period - Connor McDavid wins face-off versus Brandon Hagel in Boston Bruins zone.
13:54 of 3rd period - Snap shot by Lucas Raymond.
13:54 of 3rd period - Shot Blocked by Brandon Hagel.
13:56 of 3rd period - Snap shot by Connor McDavid.
13:56 of 3rd period - Shot Misses the Net.
13:58 of 3rd period - Snap shot by Connor McDavid.
13:58 of 3rd period - Shot Misses the Net.
14:00 of 3rd period - Wrist shot by Alex DeBrincat.
14:00 of 3rd period - Stopped by Leevi Merilainen without a rebound.
14:01 of 3rd period - Connor McDavid wins face-off versus Brandon Hagel in Boston Bruins zone.
14:06 of 3rd period - Snap shot by Lucas Raymond.
14:06 of 3rd period - Stopped by Leevi Merilainen with a rebound.
14:08 of 3rd period - Slapshot by Connor McDavid.
14:08 of 3rd period - Deflect By Lucas Raymond.
14:08 of 3rd period - Shot Misses the Net.
14:08 of 3rd period - Puck is out of play.
14:09 of 3rd period - Nick Suzuki wins face-off versus Anthony Beauvillier in Boston Bruins zone.
14:40 of 3rd period - Snap shot by Alex DeBrincat.
14:40 of 3rd period - Shot Blocked by Brandon Hagel.
15:53 of 3rd period - Penalty to Joel Farabee is over, Joel Farabee is back on ice.
16:22 of 3rd period - Snap shot by Nicholas Merkley.
16:22 of 3rd period - Deflect By Joe Veleno.
16:22 of 3rd period - Stopped by Pavel Francouz without a rebound.
16:23 of 3rd period - Sam Steel wins face-off versus John-Jason Peterka in Winnipeg Jets zone.
16:30 of 3rd period - Slapshot by Dante Fabbro.
16:30 of 3rd period - Stopped by Leevi Merilainen with a rebound.
16:50 of 3rd period - Matt Grzelcyk is hit by Nick Suzuki and loses puck.
16:59 of 3rd period - Slapshot by Victor Mete.
16:59 of 3rd period - Stopped by Pavel Francouz without a rebound.
17:00 of 3rd period - Matthew Beniers wins face-off versus Dylan Gambrell in Winnipeg Jets zone.
18:12 of 3rd period - Slapshot by Tyson Barrie.
18:12 of 3rd period - Stopped by Pavel Francouz with a rebound.
18:14 of 3rd period - Snap shot by Charlie McAvoy.
18:14 of 3rd period - Deflect By Dante Fabbro.
18:14 of 3rd period - Stopped by Pavel Francouz with a rebound.
18:16 of 3rd period - Wrist shot by Victor Mete.
18:16 of 3rd period - Stopped by Pavel Francouz with a rebound.
18:22 of 3rd period - Wrist shot by John-Jason Peterka.
18:22 of 3rd period - Shot Misses the Net.
18:36 of 3rd period - Slapshot by Matthew Beniers.
18:36 of 3rd period - Stopped by Leevi Merilainen without a rebound.
18:37 of 3rd period - Pavel Zacha wins face-off versus Matthew Beniers in Boston Bruins zone.
19:20 of 3rd period - Snap shot by Pavel Zacha.
19:20 of 3rd period - Deflect By Brandon Hagel.
19:20 of 3rd period - Shot Misses the Net.
19:20 of 3rd period - Puck is out of play.
19:21 of 3rd period - Sam Steel wins face-off versus Joe Veleno in Winnipeg Jets zone.
19:26 of 3rd period - John-Jason Peterka is hit by Kaiden Guhle and loses puck.
19:35 of 3rd period - Snap shot by John-Jason Peterka.
19:35 of 3rd period - Shot Misses the Net.
Goals for this period are 1 for Winnipeg Jets vs 3 for Boston Bruins.
Shots for this period are 11 for Winnipeg Jets vs 18 for Boston Bruins.
Back to the Top